 Dungeon Crawl Stone Soup version 0.18-a0-1745-gffa9a88 (webtiles) character file.

1771 untiedstates the Spear-Bearer (level 9, -7/64 HPs)
             Began as a Formicid Fighter on Apr 12, 2016.
             Mangled by an orc warrior
             ... wielding a +0 flail
              (16 damage)
             ... on level 6 of the Dungeon.
             The game lasted 00:10:55 (5471 turns).

untiedstates the Spear-Bearer (Formicid Fighter)    Turns: 5471, Time: 00:10:55

Health: -7/64      AC:  8    Str: 21    XL:     9   Next: 28%
Magic:  9/9        EV:  9    Int:  8    God:
Gold:   437        SH: 11    Dex: 13    Spells: 0 memorised, 8 levels left

rFire  . . .     SeeInvis +     r - +0 glaive
rCold  . . .     Gourm    +     b - +0 scale mail
rNeg   . . .     Faith    .     c - +0 shield
rPois  +         Spirit   .     (helmet unavailable)
rElec  .         Dismiss  .     D - +0 cloak
rCorr  +         Reflect  .     (no gloves)
SustAt .         Harm     .     (no boots)
MR     .....                    p - amulet of the gourmand
Stlth  ..........               l - ring of poison resistance
                                w - ring of resist corrosion

@: not resistant to hostile enchantments, extremely unstealthy
A: permanent stasis, dig shafts and tunnels, four strong arms, antennae 3
a: Dig, Shaft Self


You were on level 6 of the Dungeon.
You were not hungry.

You visited 1 branch of the dungeon, and saw 6 of its levels.

You collected 437 gold pieces.

Inventory:

Hand Weapons
 a - a +0 trident
 r - a +0 glaive (weapon)
 C - a +3 quarterstaff of chaos
Missiles
 o - 6 javelins (quivered)
Armour
 b - a +0 scale mail (worn)
 c - a +0 shield (worn)
 D - a +0 cloak (worn)
Jewellery
 h - an uncursed amulet of harm
 l - a ring of poison resistance (right hand)
 p - an amulet of the gourmand (around neck)
 w - a ring of resist corrosion (left hand)
 x - an uncursed ring of magical power
 z - an uncursed ring of positive energy
Wands
 e - a wand of iceblast (11/15)
 u - a wand of lightning (5/15)
 v - a wand of disintegration (9/24)
 y - a wand of disintegration (1/24)
 A - a wand of confusion (25/48)
Scrolls
 n - a scroll of remove curse
Potions
 d - a potion of might
 g - a potion of heal wounds
 i - a potion of cure mutation
 m - a potion of curing
 q - a potion of magic {unknown}
 B - a potion of ambrosia {unknown}
Books
 j - a book of Summonings

   Spells                             Type                      Level
   a - Recall                         Summoning/Translocation      3
   b - Aura of Abjuration             Summoning                    5
   c - Summon Demon                   Summoning                    5
   d - Summon Forest                  Summoning/Translocation      5
   e - Summon Mana Viper              Hexes/Summoning              5
   f - Shadow Creatures               Summoning                    6
Comestibles
 f - 2 bread rations
 k - 3 meat rations
 s - 2 fruits
 t - 4 beef jerkies


   Skills:
 - Level 3.2 Fighting
 * Level 9.6 Polearms
 - Level 3.2 Armour
 + Level 8.5 Shields


You had 8 spell levels left.
You didn't know any spells.

Dungeon Overview and Level Annotations

Branches:
Dungeon (6/15)
 Temple: D:4-7

Altars:
Makhleb
Pakellas
Qazlal
Ru
Yredelemnul

Shops:
D:5 (


Innate Abilities, Weirdness & Mutations

You are under a permanent stasis effect.
You can dig through walls and to a lower floor.
Your four strong arms can wield two-handed weapons with a shield.
You have a pair of large antennae on your head (SInv).


Message History

You hit the orc warrior but do no damage.
The orc warrior is moderately wounded.
You block the orc warrior's attack.
You hit the orc warrior but do no damage.
The orc warrior is moderately wounded.
You block the orc warrior's attack.
You closely miss the orc warrior.
The orc warrior is moderately wounded.
You block the orc warrior's attack.
You barely miss the orc warrior.
The orc warrior is moderately wounded.
You block the orc warrior's attack.
You closely miss the orc warrior.
The orc warrior is moderately wounded.
The orc warrior hits you with a flail!
* * * LOW HITPOINT WARNING * * *
You hit the orc warrior.
The orc warrior is moderately wounded.
The orc warrior hits you with a flail!
You die...

..#### #.##....)......# #...#
.....#####.......#..#...##
#...#
.....#......<#...........#
#...#
.......##..##...###......##
#...# ..##...##..#...##
###.....###...#
..##.......#.### #...#.#.....#
..##...#.....# #.#.#...#####
..###.....##.###### #.#.##..#
)).........>.ooo@.###...[...#
)..###.#.....####...........##
...###....##..# ###..........#
.....#...## #.#####..........#
........## #................#
#.......# ####.#.#.........#
#.......# #.#...........#
#.......# #####.#รท.........##
#...(...# #)##..#...........#


You could see an orc warrior, an orc wizard and an orc.

Vanquished Creatures
  Grinder (D:4)
  An orc warrior (D:6)
  An ice beast (D:6)
  A phantom (D:6)
  A centaur (D:5)
  An ogre (D:5)
  Blork the orc (D:5)
  A giant frog (D:6)
  A howler monkey (D:6)
  2 crimson imps
  A hound (D:4)
  A jelly (D:6)
  Crazy Yiuf (D:4)
  4 orc priests
  Terence (D:2)
  3 iguanas
  4 orc wizards
  4 worker ants
  Robin (D:4)
  11 gnolls
  9 adders
  2 shadow imps
  An adder zombie (D:6)
  3 oozes
  An adder skeleton (D:5)
  2 worms (D:2)
  4 giant geckos
  30 orcs
  3 ball pythons
  7 bats
  5 giant cockroaches
  17 goblins
  4 hobgoblins
  20 jackals
  2 kobolds (D:2)
  2 quokkas
  A giant gecko skeleton (D:4)
  6 giant newts
  A jackal skeleton (D:5)
  A quokka skeleton (D:4)
  5 rats
168 creatures vanquished.

Notes
Turn   | Place    | Note
--------------------------------------------------------------
     0 | D:1      | untiedstates the Formicid Fighter began the quest for the Orb.
     0 | D:1      | Reached XP level 1. HP: 18/18 MP: 1/1
   200 | D:1      | Reached XP level 2. HP: 24/24 MP: 2/2
   430 | D:1      | Reached XP level 3. HP: 17/29 MP: 3/3
   585 | D:1      | Reached skill level 3 in Polearms
   973 | D:2      | Found an oddly glowing altar of Pakellas.
  1208 | D:2      | Found a burning altar of Makhleb.
  1251 | D:2      | Reached XP level 4. HP: 33/35 MP: 4/4
  1293 | D:2      | Found a stormy altar of Qazlal.
  1310 | D:2      | Reached skill level 4 in Polearms
  1426 | D:2      | Reached XP level 5. HP: 39/41 MP: 5/5
  1473 | D:2      | Noticed Terence
  1489 | D:2      | Killed Terence
  1738 | D:3      | Reached skill level 5 in Shields
  1786 | D:3      | Found a basalt altar of Yredelemnul.
  1827 | D:3      | Reached XP level 6. HP: 44/47 MP: 6/6
  1884 | D:3      | Reached skill level 5 in Polearms
  2605 | D:3      | Found a sacrificial altar of Ru.
  2887 | D:4      | Reached XP level 7. HP: 43/52 MP: 7/7
  2892 | D:4      | Reached skill level 6 in Polearms
  3119 | D:4      | Noticed Robin
  3145 | D:4      | Killed Robin
  3281 | D:4      | Noticed Grinder
  3306 | D:4      | Killed Grinder
  3378 | D:4      | Reached skill level 7 in Polearms
  3466 | D:4      | Reached XP level 8. HP: 55/58 MP: 8/8
  3642 | D:4      | Noticed Crazy Yiuf
  3650 | D:4      | Killed Crazy Yiuf
  3785 | D:5      | Entered Level 5 of the Dungeon
  3885 | D:5      | Found Holut's Antique Weapon Shoppe.
  3948 | D:5      | Noticed Blork the orc
  3957 | D:5      | Killed Blork the orc
  4530 | D:5      | Reached skill level 8 in Polearms
  5032 | D:6      | HP: 2/58 [poisoned by a worker ant]
  5060 | D:6      | Reached XP level 9. HP: 64/64 MP: 9/9
  5087 | D:6      | Reached skill level 9 in Polearms
  5471 | D:6      | Mangled by an orc warrior

Vault maps used:
D:1:      dpeg_arrival_court, roderic_lattice_a
D:2:      nicolae_overflow_crystal_walls, makhleb_grotto_becter,
          grunt_qazlal_clouds, uniq_terence
D:3:      lemuel_doored_altar, overflow_temple_1_default, first_bread
D:4:      minmay_door_square, uniq_crazy_yiuf_cottage, uniq_grinder, uniq_robin
D:5:      serial_shops, kennysheep_mini_moat, uniq_blork_the_orc
D:6:      lemuel_upstairs_altar

Skill      XL: |  1  2  3  4  5  6  7  8  9 |
---------------+----------------------------+-----
Shields        | 4 5 6 7 8 |  8.5
Polearms       | 3 4 5 7 8 9 |  9.6
Fighting       | |  3.2
Armour         | |  3.2

Action                   |  1- 3 |  4- 6 |  7- 9 || total
-------------------------+-------+-------+-------++-------
Melee: Trident           |   174 |   100 |       ||   274
       Halberd           |       |   164 |   305 ||   469
       Glaive            |       |       |    43 ||    43
Throw: Javelin           |     2 |       |     3 ||     5
 Abil: Dig               |       |     2 |     5 ||     7
Evoke: Wand              |       |       |     2 ||     2
  Use: Scroll            |       |     2 |    10 ||    12
       Potion            |       |       |     6 ||     6
  Eat: Chunk             |     1 |     6 |    19 ||    26
